 Dungeon Crawl Stone Soup version 0.30-a0-313-gae38170b09 (webtiles) character file.

Game seed: 547184139097587118

1645 scionoferis the Sneak (level 8, -1/42 HPs)
             Began as a Spriggan Artificer on Oct 26, 2022.
             Was an Initiate of Nemelex Xobeh.
             Slain by a black bear (11 damage)
             ... on level 7 of the Dungeon.
             The game lasted 00:27:31 (9316 turns).

scionoferis the Sneak (Spriggan Artificer)          Turns: 9316, Time: 00:27:32

Health: -1/42      AC:  6    Str: 14    XL:     8   Next: 67%
Magic:  3/9        EV: 20    Int: 13    God:    Nemelex Xobeh [......]
Gold:   407        SH:  0    Dex: 17    Spells: 7/7 levels left

rFire   . . .      SeeInvis +    p - +0 scimitar
rCold   . . .      Faith    .    (no shield)
rNeg    . . .      Spirit   .    f - +0 robe
rPois   .          Reflect  .    (helmet restricted)
rElec   .          Harm     .    (no cloak)
rCorr   .          Rampage  .    (gloves unavailable)
Will    +....                    (boots unavailable)
Stlth   ++++......               (no amulet)
HPRegen 0.27/turn                v - +4 ring of protection
MPRegen 0.11/turn                y - +6 ring of strength

@: very quick
A: very small, no large weapons, unfitting armour, see invisible, speed 3
a: Renounce Religion, Draw Escape, Draw Destruction, Draw Summoning


You were on level 7 of the Dungeon.
You worshipped Nemelex Xobeh.
Nemelex Xobeh was noncommittal.
You visited 2 branches of the dungeon, and saw 8 of its levels.

You collected 407 gold pieces.

Inventory:

Hand Weapons
 a - a +1 antimagic short sword
 b - a +3 shortbow
 c - a +0 rapier
 p - a +0 scimitar (weapon)
 t - a +0 dagger
 F - a +0 sling
Missiles
 B - 10 poisoned darts (quivered)
Armour
 f - a +0 robe (worn)
Jewellery
 u - a ring of fire
 v - a +4 ring of protection (left hand)
 y - a +6 ring of strength (right hand)
Wands
 d - a wand of charming (23)
 e - a wand of iceblast (2)
Scrolls
 l - 2 scrolls of blinking
 m - 3 scrolls of teleportation {unknown}
 q - a scroll of immolation
 s - a scroll of enchant armour
 x - a scroll of silence
 z - a scroll of fear
 A - 2 scrolls of magic mapping
 C - 2 scrolls of vulnerability
 D - a scroll of amnesia {unknown}
 E - a scroll of poison {unknown}
Potions
 g - 3 potions of heal wounds
 h - 3 potions of curing
 i - a potion of cancellation {unknown}
 j - a potion of haste {unknown}
 k - a potion of attraction {unknown}
 n - 2 potions of lignification {unknown}
 o - a potion of degeneration {unknown}
 r - a potion of magic {unknown}
 w - 2 potions of might {unknown}
 G - a potion of brilliance {unknown}
 H - a potion of ambrosia {unknown}


   Skills:
 + Level 4.2 Fighting
 * Level 6.5(6.8) Short Blades
 + Level 2.0(3.7) Long Blades
 + Level 6.4 Dodging
 + Level 6.9 Stealth
 * Level 0.6 Invocations
 - Level 6.0 Evocations


You had 7 spell levels left.
You didn't know any spells.
Your spell library contained the following spells:

 Spells                   Type           Power      Damage    Failure   Level
 Kiss of Death            Conj/Necr      0%         2d5       30%         1
 Magic Dart               Conj           0%         1d3       30%         1
 Sting                    Tmut/Pois      0%         1d3       30%         1
 Call Imp                 Summ           0%         N/A       43%         2
 Poisonous Vapours        Pois/Air       0%         N/A       43%         2
 Confusing Touch          Hex            0%         N/A       67%         3
 Dazzling Flash           Conj/Hex       0%         N/A       67%         3
 Mephitic Cloud           Conj/Pois/Air  0%         N/A       67%         3
 Dispel Undead            Necr           0%         3d6       97%         4
 Olgreb's Toxic Radiance  Pois           0%         N/A       97%         4
 Agony                    Necr           0%         N/A       100%        5
 Silence                  Hex/Air        0%         N/A       100%        5


Dungeon Overview and Level Annotations

Branches:
Dungeon (7/15)             Temple (1/1) D:6

Altars:
Ashenzari
Cheibriados
Dithmenos
Elyvilon
Fedhas
Hepliaklqana
Kikubaaqudgha
Makhleb
Nemelex Xobeh
Okawaru
Qazlal
Sif Muna
Trog
Uskayaw
Vehumet
Wu Jian
Xom
Yredelemnul
Zin
The Shining One


Innate Abilities, Weirdness & Mutations

You are very small and have problems with some larger weapons.
You are too small for most types of armour.
You have supernaturally acute eyesight. (SInv)
You cover ground extremely quickly. (Speed+++)


Message History

You barely miss the black bear.
The black bear is severely wounded.
The black bear closely misses you. The black bear claws you.
The black bear misses you.
You hit the black bear but do no damage.
The black bear is severely wounded.
You hit the black bear but do no damage.
The black bear is severely wounded.
The black bear closely misses you. The black bear completely misses you.
The black bear barely misses you.
You hit the black bear.
The black bear is severely wounded.
The black bear goes berserk!
You hit the black bear but do no damage.
The black bear is severely wounded.
The black bear bites you! The black bear misses you. x2
You hit the black bear.
The black bear is severely wounded.
You feel magic returning to you.
p - a +0 scimitar (weapon)
The black bear completely misses you. The black bear barely misses you.
The black bear closely misses you.
You hit the black bear but do no damage.
The black bear is severely wounded.
The black bear bites you! The black bear claws you. x2
* * * LOW HITPOINT WARNING * * *
The black bear misses you.
The black bear claws you but does no damage.
The black bear closely misses you.
You hit the black bear but do no damage.
The black bear is severely wounded.
The black bear misses you.
The black bear completely misses you. x2
The black bear bites you but does no damage.
The black bear claws you but does no damage.
The black bear completely misses you.
You barely miss the black bear.
The black bear is severely wounded.
The black bear bites you!
You die...
Your body disappears without a glow.

.#.. .... . #.$.
. ... .# ## ...
.##...
.####.####......
................
#h........
#.@..#### #....#
#....# ######


You could see a black bear (berserk).

Vanquished Creatures
  An orc warrior (D:6)
  An ogre (D:4)
  2 ice beasts
  2 black bears (D:6)
  A centaur (D:6)
  A bullfrog (D:6)
  3 scorpions
  A necrophage (D:5)
  A gnoll bouda (D:4)
  6 orc priests
  6 orc wizards
  3 iguanas
  8 gnolls
  7 adders
  A shadow imp (D:5)
  2 worms (D:2)
  2 dart slugs
  32 orcs
  7 ball pythons
  5 endoplasms
  7 giant cockroaches
  11 goblins
  4 hobgoblins
  3 jackals (D:1)
  9 kobolds
  2 quokkas
  6 bats
  A frilled lizard (D:2)
  6 rats
141 creatures vanquished.

Vanquished Creatures (others)
  An orc wizard (D:6)
1 creature vanquished.

Grand Total: 142 creatures vanquished

Notes
Turn   | Place    | Note
-------+----------+-------------------------------------------
     0 | D:1      | scionoferis the Spriggan Artificer began the quest for the
                  | Orb.
     0 | D:1      | Reached XP level 1. HP: 9/9 MP: 2/2
    93 | D:1      | Reached skill level 1 in Fighting
   232 | D:1      | Reached XP level 2. HP: 13/14 MP: 3/3
   716 | D:2      | Reached XP level 3. HP: 15/18 MP: 4/4
   802 | D:2      | Reached skill level 1 in Short Blades
  1403 | D:2      | Reached XP level 4. HP: 23/23 MP: 5/5
  1541 | D:3      | Found a stormy altar of Qazlal.
  1571 | D:3      | Found a blossoming altar of Fedhas.
  2603 | D:4      | Reached XP level 5. HP: 11/26 MP: 6/6
  3028 | D:4      | Found a bloodstained altar of Trog.
  3149 | D:4      | Noticed an ogre
  3151 | D:4      | Killed an ogre
  3152 | D:4      | Reached skill level 5 in Evocations
  3152 | D:4      | Reached XP level 6. HP: 32/32 MP: 7/7
  3287 | D:4      | Noticed an ice beast
  3837 | D:4      | Found a hide-covered altar of Uskayaw.
  3851 | D:4      | Found a hazy altar of Hepliaklqana.
  4321 | D:4      | Killed an ice beast
  4322 | D:4      | Reached skill level 5 in Dodging
  4322 | D:4      | Reached XP level 7. HP: 36/36 MP: 2/8
  5291 | D:5      | Entered Level 5 of the Dungeon
  5298 | D:5      | Reached skill level 5 in Stealth
  6790 | D:4      | Reached skill level 5 in Short Blades
  7556 | D:5      | Reached XP level 8. HP: 31/42 MP: 3/9
  7928 | D:6      | Reached skill level 1 in Long Blades
  8508 | D:6      | Found a glowing golden altar of the Shining One.
  8510 | D:6      | Found a white marble altar of Elyvilon.
  8737 | D:6      | Found a shimmering altar of Xom.
  8812 | D:6      | Found a staircase to the Ecumenical Temple.
  8826 | Temple   | Entered the Ecumenical Temple
  9035 | Temple   | Became a worshipper of Nemelex Xobeh the Trickster
  9279 | D:6      | Found a glowing silver altar of Zin.
  9316 | D:7      | Slain by a black bear

Illustrated notes

Levels and vault maps discovered:
D:1:      saegor_arrival_simple_c, layout_basic, st_stairs_8
D:2:      layout_loops_ring
D:3:      layout_basic, mainiacjoe_overflow_surrounded_room, fedhas_altar_1
D:4:      layout_basic, nicolae_uskayaw_dance_hall, kennysheep_mini_moat,
          trog_antimagical
D:5:      layout_basic, nicolae_hexahallways
D:6:      layout_cave_pools, dreamdust_divine_triumvirate, tgw_xom, temple_hall
D:7:      layout_basic, old_standard_altar
Temple:   minmay_temple_curvy_loop

Skill      XL: |  1  2  3  4  5  6  7  8 |
---------------+-------------------------+-----
Fighting       | 1 2 3 4 |  4.2
Stealth        | 2 3 4 5 6 |  6.9
Short Blades   | 1 2 3 4 5 6 |  6.5
Dodging        | 4 5 6 |  6.4
Evocations     | 5 6 |  6.0
Long Blades    | 2 |  2.0
Invocations    | |  0.6

Action                   |  1- 3 |  4- 6 |  7- 9 || total
-------------------------+-------+-------+-------++-------
Melee: Club              |    39 |       |       ||    39
       Dagger            |    83 |    71 |       ||   154
       Short sword       |       |   136 |   429 ||   565
       Punch             |       |     5 |     8 ||    13
       Scimitar          |       |       |    22 ||    22
 Fire: Sling             |    72 |    62 |   111 ||   245
       Shortbow          |       |       |    26 ||    26
Throw: Dart              |       |       |     7 ||     7
Evoke: Wand              |     2 |    16 |       ||    18
  Use: Potion            |       |     2 |       ||     2
       Scroll            |       |       |     7 ||     7
 Stab: Sleeping          |       |     1 |     4 ||     5
Armor: Robe              |    13 |    15 |    48 ||    76
Dodge: Dodged            |   117 |   116 |   277 ||   510

Table legend: (Time is in decaauts)
 A = Elapsed time spent in this place.
 B = Non-inter-level travel time spent in this place.
 C = Inter-level travel time spent in this place.
 D = Time resting spent in this place.
 E = Time spent auto-exploring this place.
 F = Levels seen in this place.
 G = Mean time per level.
                   A        B        C        D        E       F      G
               +--------+--------+--------+--------+--------+-----+--------+
         Total |   7337 |   7044 |    293 |   1614 |   3398 |   8 |  917.1 |
       Dungeon |   7196 |   6919 |    277 |   1614 |   3277 |   7 | 1028.0 |
        Temple |    140 |    125 |     15 |      0 |    120 |   1 |  140.0 |
               +--------+--------+--------+--------+--------+-----+--------+

Top non-repeatable levels by time:
     D:4: 1976 daAuts
     D:5: 1835 daAuts
     D:3: 1472 daAuts
     D:6: 858 daAuts
     D:2: 530 daAuts
     D:1: 509 daAuts
  Temple: 140 daAuts
     D:7: 13 daAuts
